 Dungeon Crawl Stone Soup version bcrawl-1.40.3b (webtiles) character file.

Game seed: 1933371834461354105

159369 Amelense the Skirmisher (level 3, -2/49 HPs)
             Began as a Draconian Berserker on Feb 6, 2024.
             Was a Follower of Trog.
             Engulfed by themself's flame (9 damage)
             ... on level 2 of the Dungeon.
             The game lasted 00:05:27 (774 turns).

Amelense the Skirmisher (Draconian Berserker)        Turns: 774, Time: 00:05:27

Health: -2/49      AC:  5    Str: 25    XL:     3   Next: 53%
Magic:  0/3        EV: 12    Int:  7    God:    Trog [*.....]
Gold:   82         SH:  0    Dex: 10    Spells: 2/2 levels left

rFire    . . .     GDR:     22% a - +0 mace
rCold    . . .     SeeInvis .   (no shield)
rNeg     . . .     Gourm    .   (armour unavailable)
rPois    .         Faith    .   (helmet restricted)
rElec    .         Spirit   +   (no cloak)
rCorr    .         Reflect  .   (no gloves)
MR       .....                  (no boots)
Stlth    ..........             k - amulet of guardian spirit
HPRegen  0.18/turn              (no ring)
MPRegen  0.08/turn              (no ring)

@: berserking, very quick
A: unfitting armour, cold-blooded, AC +5
a: Berserk, Renounce Religion


You were on level 2 of the Dungeon.
You worshipped Trog.
Trog was aware of your devotion.
You were not hungry.

You visited 1 branch of the dungeon, and saw 2 of its levels.

You collected 82 gold pieces.

Inventory:

Hand Weapons
 a - a +0 mace (weapon)
 f - a +1 hunting sling of freezing
Armour
 b - a +0 ring mail
 h - a +0 chain mail
Jewellery
 k - an amulet of guardian spirit (around neck)
Wands
 d - a wand of paralysis (12)
Scrolls
 c - a scroll of teleportation {unknown}
 g - 2 scrolls of remove curse {unknown}
 i - a scroll of identify
 j - a scroll of blinking {unknown}
 l - 2 scrolls of immolation
 m - a scroll of noise {unknown}
Comestibles
 e - 2 rations {!d}


   Skills:
 * Level 4.0 Fighting
 * Level 3.8 Maces & Flails
 + Level 2.9 Dodging


You had 2 spell levels left.
You didn't know any spells.
Your spell library was empty.

Dungeon Overview and Level Annotations

Branches:
Dungeon (2/12)

Altars:


Innate Abilities, Weirdness & Mutations

Your plain brown scales are hard. (AC +5)
You cannot fit into any form of body armour.
You are cold-blooded and may be slowed by cold attacks.


Message History

The quokka bites you but does no damage.
A red film seems to cover your vision as you go berserk!
You feel yourself moving faster!
You feel mighty!
You feel a lot more hungry. The quokka misses you.
You miss the quokka. The quokka closely misses you.
You barely miss the quokka. The quokka bites you.
You bludgeon the quokka!!
The quokka explodes!
The fiery explosion engulfs Terence!!
Terence explodes!
The fiery explosion engulfs the goblin!!
The goblin explodes!
The fiery explosion engulfs the kobold!!!
The kobold explodes!
The fiery explosion engulfs you!!!
Ouch! That really hurt!
* * * LOW HITPOINT WARNING * * *
Trog accepts your kill.
You are engulfed in blazing flames.
You die...

#..........##..#
#.##.##.....#
#..........###.##
#....##.###.#
#.........## #..#
#.###...# #.##
#.........#####'####
#.### #...
#..................#
...# ####
#..................#
#.###
#..................#
#.
#.........######'###
# #.........# #@#
################§#
#.....§§##
#....§§§§#
#.....§§§#
#..#.....## ..
##.$...# . ##..#.#
##.....


There were no monsters in sight!

Vanquished Creatures
  Jessica (D:2)
  A gnoll (D:2)
  A leopard gecko (D:2)
  An orc (D:2)
  A giant cockroach (D:1)
  A goblin (D:1)
  2 kobolds
  2 quokkas (D:2)
  2 bats
  2 frilled lizards (D:1)
  A rat (D:1)
15 creatures vanquished.

Vanquished Creatures (others)
  Terence (D:2)
  A goblin (D:2)
  A kobold (D:2)
3 creatures vanquished.

Grand Total: 18 creatures vanquished

Notes
Turn   | Place    | Note
-------+----------+-------------------------------------------
     0 | D:1      | Amelense the Draconian Berserker began the quest for the
                  | Orb.
     0 | D:1      | Reached XP level 1. HP: 19/19 MP: 1/1
   195 | D:2      | Reached XP level 2. HP: 26/26 MP: 2/2
   455 | D:2      | Noticed Jessica
   469 | D:2      | Killed Jessica
   470 | D:2      | Reached skill level 4 in Fighting
   470 | D:2      | Reached XP level 3. HP: 25/33 MP: 3/3
   757 | D:2      | Noticed Terence
   774 | D:2      | Killed Terence
   774 | D:2      | Engulfed by themself's flame

Skill      XL: |  1  2 |
---------------+-------+-----
Fighting       | 4 |  4.0
Maces & Flails | |  3.8
Dodging        | |  2.9

Action                   || total
-------------------------++-------
Melee: Mace              ||    47
       Tailslap          ||     2
Invok: Berserk           ||     3
  Use: Scroll            ||     3
 Stab: Sleeping          ||     1
  Eat: Ration            ||     1
Armor: Skin              ||    20
Dodge: Dodged            ||    32
